 Dungeon Crawl Stone Soup version 0.29-a0-553-g81b289dbe5 (console) character file.

Game seed: 17298336617290774260

84 petzl the Vexing (level 4, -1/33 HPs)
             Began as a Formicid Arcane Marksman on June 7, 2022.
             Slain by an orc
             ... wielding a +2 mace of protection
              (5 damage)
             ... on level 4 of the Dungeon.
             The game lasted 00:03:36 (2104 turns).

petzl the Vexing (Formicid Arcane Marksman)         Turns: 2104, Time: 00:03:36

Health: -1/33      AC:  3    Str: 15    XL:     4   Next: 72%
Magic:  6/6        EV: 11    Int: 14    God:
Gold:   49         SH:  0    Dex: 11    Spells: 5/6 levels left

rFire   . . .      SeeInvis +   a - +0 hand crossbow
rCold   . . .      Faith    .   (no shield)
rNeg    . . .      Spirit   .   k - +0 leather armour
rPois   .          Reflect  .   (helmet unavailable)
rElec   .          Harm     .   (no cloak)
rCorr   .          Rampage  .   (no gloves)
Will    .....                   (no boots)
Stlth   ++........              (no amulet)
HPRegen 0.11/turn               (no ring)
MPRegen 0.10/turn               (no ring)

@: no status effects
A: permanent stasis, dig shafts and tunnels, antennae 3, four strong arms
a: Dig, Shaft Self


You were on level 4 of the Dungeon.
You visited 1 branch of the dungeon, and saw 4 of its levels.

You collected 49 gold pieces.

Inventory:

Hand Weapons
 a - a +0 hand crossbow (weapon)
 f - a +1 dagger of flaming {!f =f}
Missiles
 d - 4 poisoned darts
Armour
 k - a +0 leather armour (worn)
Jewellery
 b - a ring of ice
 h - a +6 ring of dexterity
Scrolls
 c - 2 scrolls of vulnerability
 i - a scroll of magic mapping {unknown}
Potions
 e - 2 potions of magic {unknown}
 g - 2 potions of flight {unknown}
 j - a potion of brilliance {unknown}
 l - a potion of lignification {unknown}
 m - 2 potions of mutation {unknown}


   Skills:
 + Level 2.0 Fighting
 + Level 2.6 Crossbows
 + Level 1.5 Armour
 + Level 2.2 Dodging
 + Level 1.9 Stealth
 + Level 1.8 Spellcasting
 - Level 3.6 Hexes


You had 5 spell levels left.
You knew the following spells:

 Your Spells              Type           Power      Damage    Failure   Level
a - Slow                  Hex            44%        N/A       7%          1

Your spell library contained the following spells:

 Spells                   Type           Power      Damage    Failure   Level
 Inner Flame              Hex/Fire       6%         N/A       38%         3
 Portal Projectile        Hex/Tloc       12%        N/A       38%         3
 Cause Fear               Hex            5%         N/A       54%         4


Dungeon Overview and Level Annotations

Branches:
Dungeon (4/15)
 Temple: D:4-7

Altars:
Fedhas


Innate Abilities, Weirdness & Mutations

You cannot be hasted, slowed, berserked, paralysed or teleported.
You can dig through walls and to a lower floor.
You have a pair of large antennae on your head. (SInv)
Your four strong arms can wield two-handed weapons with a shield.


Message History

You kill the bat!
You shoot a bolt. The bolt hits the orc.
The orc is severely wounded.
A kobold comes into view. It is wielding a +0 short sword.
You shoot a bolt. The frilled lizard hisses angrily.
The bolt hits the orc but does no damage.
The orc is severely wounded.
The orc hits you with a +0 whip.
The dart slug briefly extends its eye-stalks.
You shoot a bolt. The bolt closely misses the orc.
The bolt hits the orc.
You kill the orc!
The orc hits you with a +2 mace of protection.
The goblin shoots a sling bullet.
The sling bullet misses you. The orc attacks as you move away!
The orc closely misses you. The orc attacks as you move away!
The orc hits you with a +2 mace of protection!
The orc attacks as you move away!
The orc hits you with a +2 mace of protection.
The orc attacks as you move away!
The orc hits you with a +2 mace of protection.
There is a stone staircase leading down here.
The orc hits you with a +2 mace of protection!
* * * LOW HITPOINT WARNING * * *
You climb downwards.
Found 18 stones and a sapphire ring.
There is a stone staircase leading up here.
You can't shaft yourself on this terrain.
There are monsters nearby!
Unknown command.
Unknown command.
An iguana comes into view.
The iguana hisses angrily.
You hear a bark!
Are you sure you want to shaft yourself?
Okay, then.
Okay, then.
Unknown command.
Are you sure you want to shaft yourself?
The orc hits you with a +2 mace of protection.
You die...

#..... .## #...
.######...
#.....#..=...#
#.... (......#
#............#
#.....#......##
#..............
#@......#
#o....B..
#........
#..#l....
##h......
...#.#. .......
....... ......


You could see an iguana, a hound, an orc and a giant cockroach.

Vanquished Creatures
  Jessica (D:2)
  3 worms
  2 orcs (D:3)
  3 endoplasms
  5 giant cockroaches
  A goblin (D:3)
  7 hobgoblins
  4 quokkas
  4 ball pythons
  5 bats
  A frilled lizard (D:3)
  2 kobolds
  4 rats
42 creatures vanquished.

Vanquished Creatures (others)
  9 fungi (D:3)
  5 plants (D:3)
14 creatures vanquished.

Grand Total: 56 creatures vanquished

Notes
Turn   | Place    | Note
-------+----------+-------------------------------------------
     0 | D:1      | petzl the Formicid Arcane Marksman began the quest for the
                  | Orb.
     0 | D:1      | Reached XP level 1. HP: 15/15 MP: 2/2
   144 | D:1      | Reached XP level 2. HP: 21/21 MP: 3/3
   319 | D:1      | Reached skill level 1 in Stealth
   609 | D:1      | Reached XP level 3. HP: 26/26 MP: 5/5
  1175 | D:2      | Reached skill level 1 in Armour
  1311 | D:2      | Noticed Jessica
  1316 | D:2      | Killed Jessica
  1317 | D:2      | Reached XP level 4. HP: 33/33 MP: 6/6
  1960 | D:3      | Found a blossoming altar of Fedhas.
  2104 | D:4      | Slain by an orc

Illustrated notes

Levels and vault maps discovered:
D:1:      minmay_arrival_three_doors, layout_basic
D:2:      layout_basic, nicolae_figureground_sparkle, uniq_jessica
D:3:      layout_rooms, demons_altar, fedhas_altar_3,
          shapermc_ecumenical_altar_mp_highgroup, kennysheep_generic_room_13,
          uniq_robin
D:4:      layout_rooms, roderic_serpentine_path, minmay_misc_feat_four_crosses,
          uniq_blork_the_orc, uniq_eustachio

Skill      XL: |  1  2  3  4 |
---------------+-------------+-----
Dodging        | 2 |  2.2
Stealth        | 1 |  1.9
Armour         | 1 |  1.5
Fighting       | 2 |  2.0
Crossbows      | |  2.6
Spellcasting   | |  1.8
Hexes          | |  3.6

Action                   |  1- 3 |  4- 6 || total
-------------------------+-------+-------++-------
 Fire: Hand crossbow     |    72 |    86 ||   158
 Cast: Slow              |       |     9 ||     9
 Abil: Shaft Self        |       |     1 ||     1
Armor: Robe              |     1 |       ||     1
       Leather armour    |       |     4 ||     4
Dodge: Dodged            |    18 |    15 ||    33

Table legend: (Time is in decaauts)
 A = Elapsed time spent in this place.
 B = Non-inter-level travel time spent in this place.
 C = Inter-level travel time spent in this place.
 D = Time resting spent in this place.
 E = Time spent auto-exploring this place.
 F = Levels seen in this place.
 G = Mean time per level.
                   A        B        C        D        E       F      G
               +--------+--------+--------+--------+--------+-----+--------+
         Total |   2165 |   2022 |    143 |     22 |   1546 |   4 |  541.2 |
       Dungeon |   2165 |   2022 |    143 |     22 |   1546 |   4 |  541.2 |
               +--------+--------+--------+--------+--------+-----+--------+

Top non-repeatable levels by time:
     D:1: 1133 daAuts
     D:2: 741 daAuts
     D:3: 289 daAuts
     D:4: 1 daAuts
